 Dungeon Crawl Stone Soup version 0.25-a0-253-g6f1b5d974a (webtiles) character file.

Game seed: 16563023745696865561, levelgen mode: classic

848 Borgoz the Slasher (level 8, -4/48 HPs)
             Began as a Gargoyle Gladiator on Dec 5, 2019.
             Was an Initiate of Ashenzari.
             Slain by an ogre
             ... wielding a +0 giant spiked club
              (19 damage)
             ... on level 5 of the Dungeon.
             The game lasted 00:07:15 (3056 turns).

Borgoz the Slasher (Gargoyle Gladiator)             Turns: 3056, Time: 00:07:15

Health: -4/48      AC: 15    Str: 25    XL:     8   Next: 1%
Magic:  8/8        EV: 12    Int:  9    God:    Ashenzari [......]
Gold:   251        SH:  0    Dex: 11    Spells: 7/7 levels left

rFire    . . .     SeeInvis .   a - +1 long sword
rCold    . . .     Gourm    .   (no shield)
rNeg     + . .     Faith    .   e - +0 ring mail
rPois    ∞         Spirit   .   c - +0 helmet
rElec    +         Reflect  .   (no cloak)
rCorr    .         Harm     .   i - +0 pair of gloves
MR       .....                  k - +0 pair of boots
Stlth    +.........             (no amulet)
HPRegen  0.16/turn              (no ring)
MPRegen  0.11/turn              (no ring)

@: mighty
A: negative energy resistance 1, electricity resistance, unbreathing,
petrification resistance, rot immunity, AC +5
a: Curse Item, Renounce Religion


You were on level 5 of the Dungeon.
You worshipped Ashenzari.
Ashenzari was noncommittal.
You were not hungry.

You visited 1 branch of the dungeon, and saw 5 of its levels.

You collected 251 gold pieces.

Inventory:

Hand Weapons
 a - a +1 long sword (weapon)
Missiles
 d - 2 throwing nets (quivered)
Armour
 c - a +0 helmet (worn)
 e - a +0 ring mail (worn)
 i - a +0 pair of gloves (worn)
 k - a +0 pair of boots (worn)
Scrolls
 h - 3 scrolls of remove curse
 j - 2 scrolls of enchant weapon
 q - a scroll of teleportation
Potions
 o - a potion of flight
 p - 2 potions of curing
 r - a potion of brilliance
Comestibles
 b - a chunk of flesh
 f - 5 rations


   Skills:
 + Level 4.7 Fighting
 * Level 5.7 Long Blades
 - Level 1.7 Throwing
 + Level 3.9 Armour
 + Level 4.0 Dodging


You had 7 spell levels left.
You didn't know any spells.
Your spell library was empty.

Dungeon Overview and Level Annotations

Branches:
Dungeon (5/15)
 Temple: D:4-7

Altars:
Ashenzari
Hepliaklqana
Makhleb
Vehumet
Xom


Innate Abilities, Weirdness & Mutations

You are resistant to torment.
Your stone body is resilient. (AC +5)
You are immune to poison.
You resist negative energy. (rN+)
You are resistant to electric shocks. (rElec)
You can survive without breathing.
You are immune to petrification.
You are immune to rotting.


Message History

The ogre is severely wounded.
The ogre hits you with a +0 giant club!
You barely miss the ogre.
The ogre is severely wounded.
The ogre hits you with a +0 giant spiked club!!
Ouch! That really hurt!
* * * LOW HITPOINT WARNING * * *
The ogre barely misses you.
You barely miss the ogre.
The ogre is severely wounded.
You slash the ogre!
You kill the ogre!
Your Dodging skill increases to level 4!
You have reached level 8!
You feel stronger. The ogre closely misses you.
You riposte.
You barely miss the ogre. You slash the ogre!
The ogre is severely wounded.
The ogre hits you with a +0 giant spiked club!!
You die...

#..............#
+..............#
######.###.###+#
#..##.###.##..
#...#.......>.
#...'.........
.......#..##'#####+##
.......#'##.........
.......#@.#.........
.......#O.#.........
<......#.)#.........
$......##'#....#####
...............#
...............#
...............+
.......O.......#
.......####......


You could see an ogre.

Vanquished Creatures
  Sigmund (D:3)
  A hungry ghost (D:5)
  Menkaure (D:4)
  An ice beast (D:4)
  An ogre (D:5)
  A hound (D:3)
  A centaur skeleton (D:4)
  An iguana (D:4)
  Robin (D:3)
  6 adders
  An adder skeleton (D:5)
  3 worms
  3 dart slugs
  2 leopard geckos
  2 orcs (D:3)
  2 giant cockroaches (D:3)
  14 goblins
  19 hobgoblins
  17 jackals
  A quokka (D:3)
  7 bats
  9 frilled lizards
  A jackal zombie (D:5)
  10 kobolds
  9 rats
115 creatures vanquished.

Notes
Turn   | Place    | Note
-------+----------+-------------------------------------------
     0 | D:1      | Borgoz the Gargoyle Gladiator began the quest for the Orb.
     0 | D:1      | Reached XP level 1. HP: 12/12 MP: 1/1
   283 | D:1      | Reached XP level 2. HP: 16/18 MP: 2/2
   351 | D:1      | Reached skill level 3 in Long Blades
   582 | D:1      | Reached skill level 1 in Armour
   635 | D:1      | Reached XP level 3. HP: 21/22 MP: 3/3
  1106 | D:2      | Reached XP level 4. HP: 24/27 MP: 4/4
  1597 | D:3      | Reached XP level 5. HP: 32/32 MP: 5/5
  1862 | D:3      | Noticed Robin
  1875 | D:3      | Reached skill level 4 in Long Blades
  1901 | D:3      | Killed Robin
  2073 | D:3      | Noticed Sigmund
  2086 | D:3      | Killed Sigmund
  2086 | D:3      | Reached XP level 6. HP: 38/38 MP: 6/6
  2617 | D:4      | Found a shimmering altar of Xom.
  2617 | D:4      | Noticed an ice beast
  2629 | D:4      | Killed an ice beast
  2629 | D:4      | Reached skill level 5 in Long Blades
  2629 | D:4      | Reached XP level 7. HP: 43/43 MP: 7/7
  2632 | D:4      | Found a shattered altar of Ashenzari.
  2635 | D:4      | Found a radiant altar of Vehumet.
  2638 | D:4      | Found a hazy altar of Hepliaklqana.
  2664 | D:4      | Became a worshipper of Ashenzari the Shackled
  2733 | D:4      | Noticed Menkaure
  2742 | D:4      | Killed Menkaure
  2874 | D:4      | Found a burning altar of Makhleb.
  2920 | D:5      | Entered Level 5 of the Dungeon
  2937 | D:5      | Noticed a hungry ghost
  2960 | D:5      | Killed a hungry ghost
  3053 | D:5      | Reached XP level 8. HP: 14/48 MP: 8/8
  3056 | D:5      | Slain by an ogre

Levels and vault maps discovered:
D:1:      ebering_trefoil_twist, layout_rooms
D:2:      layout_rooms, due_unseen_surprise
D:3:      layout_basic, uniq_sigmund, uniq_robin
D:4:      layout_gridville, grunt_temple_overflow_cloverleaf, bloody_makhleb,
          uniq_menkaure
D:5:      layout_gridville, minmay_temple_entry_mini_moons, first_ration

Skill      XL: |  1  2  3  4  5  6  7 |
---------------+----------------------+-----
Long Blades    | 3 4 5 |  5.7
Armour         | 1 2 3 |  3.9
Fighting       | 3 4 |  4.7
Dodging        | 3 4 |  4.0
Throwing       | |  1.7

Action                   |  1- 3 |  4- 6 |  7- 9 || total
-------------------------+-------+-------+-------++-------
Melee: Long sword        |   124 |   176 |    58 ||   358
Throw: Throwing net      |       |     3 |     1 ||     4
  Use: Scroll            |       |     9 |     3 ||    12
       Potion            |       |     2 |     1 ||     3
  Eat: Chunk             |     1 |     5 |     1 ||     7
       Ration            |       |       |     3 ||     3
Armor: Ring mail         |    80 |   107 |    22 ||   209
       Leather armour    |     3 |       |       ||     3
Dodge: Dodged            |   123 |   154 |    38 ||   315
       Rpst.: Long sword |    39 |    49 |    17 ||   105

Table legend:
 A = Non-vault XP
 B = Vault XP
 C = Vault XP percentage of total XP
 D = Non-vault monster count
 E = Vault monster count
 F = Vault count percentage of total count
                 A         B        C        D         E       F
            +---------+---------+-------+---------+---------+-------
      Total |     785 |     427 |  35.2 |     101 |      14 |  12.2
            +---------+---------+-------+---------+---------+-------
        D:1 |      56 |       0 |   0.0 |      27 |       0 |   0.0
        D:2 |      73 |       0 |   0.0 |      21 |       0 |   0.0
        D:3 |     119 |     255 |  68.2 |      38 |      13 |  25.5
        D:4 |     222 |     172 |  43.7 |       8 |       1 |  11.1
        D:5 |     315 |       0 |   0.0 |       7 |       0 |   0.0
            +---------+---------+-------+---------+---------+-------
